 Dungeon Crawl Stone Soup version 0.20-a0-972-gb9bd3e6 (webtiles) character file.

1317 Lifeless the Chopper (level 8, -2/97 HPs)
             Began as a Demonspawn Abyssal Knight on Apr 9, 2017.
             Was a Priest of Lugonu.
             Slain by a two-headed ogre
             ... wielding a +0 giant club
              (8 damage)
             ... on level 5 of the Dungeon.
             The game lasted 00:19:53 (4813 turns).

Lifeless the Chopper (Demonspawn Abyssal Knight)    Turns: 4813, Time: 00:19:53

Health: -2/97      AC: 24    Str: 13    XL:     8   Next: 33%
Magic:  9/9        EV:  2    Int: 13    God:    Lugonu [***...]
Gold:   209        SH:  3    Dex: 23    Spells: 7/7 levels left

rFire    . . .     SeeInvis .   h - +3 dagger (elec)
rCold    . . .     Gourm    .   (no shield)
rNeg     + + +     Faith    .   (armour currently unavailable)
rPois    +         Spirit   .   (helmet currently unavailable)
rElec    .         Reflect  +   (cloak currently unavailable)
rCorr    +         Harm     .   (gloves currently unavailable)
MR       .....     NoTele   +   (boots currently unavailable)
Stlth    +++.......             m - +3 amulet of reflection
Regen    0.3/turn               l - +3 ring of dexterity
MPRegen  0.2/turn               s - ring of resist corrosion

@: agile, tree-form
A: rugged brown scales 1, (spiny 0)
a: Depart the Abyss, Bend Space, Banish, Renounce Religion


You were on level 5 of the Dungeon.
You worshipped Lugonu.
Lugonu was most pleased with you.
You were not hungry.
You were a tree.
You visited 1 branch of the dungeon, and saw 5 of its levels.
You visited the Abyss 1 time.

You collected 209 gold pieces.

Inventory:

Hand Weapons
 a - a +1 hand axe
 h - a +3 dagger of electrocution (weapon)
Armour
 u - the +1 robe of Ynur (melded) {*Corrode rN+++ Regen+ SInv}
   (You found it on level 4 of the Dungeon)

   It renders you almost immune to negative energy.
   It lets you see invisible.
   It increases your rate of regeneration.
   It may corrode you when you take damage.
 w - a +0 scale mail
Jewellery
 e - an uncursed ring of protection from cold
 l - a +3 ring of dexterity (left branch)
 m - a +3 amulet of reflection (around neck)
 s - a ring of resist corrosion (right branch)
Wands
 n - a wand of iceblast (4/15)
Scrolls
 f - 8 scrolls of identify
 j - 4 scrolls of remove curse
 q - a scroll of random uselessness {unknown}
 t - a scroll of amnesia
 v - a scroll of teleportation
 x - 2 scrolls of blinking {unknown}
 y - a scroll of immolation {unknown}
Potions
 b - a potion of haste
 d - 2 potions of heal wounds
 g - a potion of agility
 o - a potion of flight {unknown}
 p - 2 potions of degeneration {unknown}
 r - a potion of mutation {unknown}
Comestibles
 c - 4 bread rations
 i - 3 fruits
 k - a royal jelly
 z - 3 chunks of flesh


   Skills:
 + Level 5.9 Fighting
 * Level 7.0 Axes
 - Level 3.7 Armour
 - Level 2.4 Dodging
 - Level 2.4 Invocations


You had 7 spell levels left.
You didn't know any spells.

Dungeon Overview and Level Annotations

Branches:
Dungeon (5/15)
 Temple: D:4-7

Altars:
Cheibriados
Ru
Uskayaw
Wu Jian

Shops:
D:5 ?


Innate Abilities, Weirdness & Mutations

(You are partially covered in rugged brown scales. (AC +1, +3% HP))
((You are completely covered in sharp spines.))


Message History

The two-headed ogre is moderately wounded.
The two-headed ogre hits you with a giant club!
The two-headed ogre hits you with a giant spiked club.
You hit the two-headed ogre.
The two-headed ogre is moderately wounded.
The two-headed ogre hits you with a giant club!
The two-headed ogre hits you but does no damage.
You hit the two-headed ogre but do no damage.
The two-headed ogre is moderately wounded.
The two-headed ogre hits you with a giant club!!
* * * LOW HITPOINT WARNING * * *
The two-headed ogre hits you but does no damage.
You hit the two-headed ogre.
Lightning courses through the two-headed ogre!
The two-headed ogre is severely wounded.
You hit the two-headed ogre.
Lightning courses through the two-headed ogre!
The two-headed ogre is almost dead.
The two-headed ogre hits you with a giant club!
You die...

## ########## #.
#........# #.
#........# #.
#........# #.
##### #........#
#.
......##........#
####.
......O♣........#
#....
......##........#
#.### .....
######.### #.# #
.... #.# #.# #
... ####.######.#
# ##
#.....<[....# #
#.....####### #
#........# #
#.....##.######


You could see a two-headed ogre.

Vanquished Creatures
  Pikel (D:4)
  Edmund (D:4)
  4 slaves (D:4)
  A sky beast (D:5)
  A phantom (D:4)
  3 ogres (D:5)
  A centaur zombie (D:5)
  2 hounds (D:4)
  A jelly (D:5)
  An iguana (D:5)
  A worker ant (D:5)
  8 adders
  An ooze (D:1)
  An adder skeleton (D:4)
  3 worms
  A dart slug (D:1)
  3 leopard geckos
  7 orcs
  2 ball pythons
  2 giant cockroaches
  9 goblins
  9 hobgoblins
  4 quokkas
  10 bats
  3 frilled lizards (D:1)
  11 kobolds
  A leopard gecko skeleton (D:4)
  5 rats
97 creatures vanquished.

Notes
Turn   | Place    | Note
-------+----------+-------------------------------------------
     0 | Abyss:1  | Lifeless the Demonspawn Abyssal Knight began the quest for the Orb.
     0 | Abyss:1  | Reached XP level 1. HP: 18/18 MP: 2/2
    23 | D:1      | Escaped the Abyss
    79 | D:1      | Reached skill level 2 in Axes
   177 | D:1      | Gained mutation: You are partially covered in rugged brown scales. (AC +1, +3% HP) [demonic ancestry]
   177 | D:1      | Reached XP level 2. HP: 18/24 MP: 3/3
   368 | D:1      | Reached skill level 1 in Dodging
   996 | D:1      | Reached ** piety under Lugonu
  1013 | D:1      | Reached XP level 3. HP: 29/29 MP: 4/4
  1734 | D:2      | Gained mutation: You are partially covered in sharp spines. [demonic ancestry]
  1734 | D:2      | Reached XP level 4. HP: 36/36 MP: 5/5
  1774 | D:2      | Found an ornate altar of the Wu Jian Council.
  2019 | D:2      | Reached skill level 3 in Axes
  2941 | D:3      | Found a sacrificial altar of Ru.
  3051 | D:3      | Reached XP level 5. HP: 43/43 MP: 6/6
  3388 | D:3      | Reached *** piety under Lugonu
  3682 | D:4      | Noticed Edmund
  3711 | D:4      | Killed Edmund
  3711 | D:4      | Gained mutation: You are mostly covered in sharp spines. [demonic ancestry]
  3711 | D:4      | Reached XP level 6. HP: 49/49 MP: 7/7
  3846 | D:4      | Reached skill level 4 in Axes
  3851 | D:4      | Found a snail-covered altar of Cheibriados.
  3892 | D:4      | Got a fine robe
  3907 | D:4      | Identified the +1 robe of Ynur {*Corrode rN+++ Regen+ SInv} (You found it on level 4 of the Dungeon)
  3920 | D:4      | Noticed Pikel
  3920 | D:4      | Noticed a slave
  3921 | D:4      | Noticed a slave
  3922 | D:4      | Noticed a slave
  3924 | D:4      | Noticed a slave
  3946 | D:4      | Killed a slave
  3964 | D:4      | Killed a slave
  3971 | D:4      | Killed a slave
  3980 | D:4      | Killed a slave
  3986 | D:4      | HP: 2/49 [Pikel/whip of flaming (6)]
  3989 | D:4      | Killed Pikel
  3989 | D:4      | Reached skill level 5 in Axes
  3989 | D:4      | Reached XP level 7. HP: 23/56 MP: 8/8
  4126 | D:4      | Reached skill level 5 in Fighting
  4305 | D:4      | Found a hide-covered altar of Uskayaw.
  4462 | D:5      | Entered Level 5 of the Dungeon
  4481 | D:5      | Reached skill level 6 in Axes
  4522 | D:5      | Gained mutation: You are completely covered in sharp spines. [demonic ancestry]
  4522 | D:5      | Reached XP level 8. HP: 40/64 MP: 9/9
  4599 | D:5      | Found Jogad's Magic Scroll Shop.
  4726 | D:5      | Reached skill level 7 in Axes
  4801 | D:5      | Noticed a two-headed ogre
  4813 | D:5      | Slain by a two-headed ogre

Vault maps used:
D:1:      kennysheep_arrival_seaside, serial_forest,
          infiniplex_forest_clump_small, infiniplex_forest_straight_5,
          infiniplex_forest_end_3, infiniplex_forest_lined_corner,
          infiniplex_forest_split, infiniplex_forest_clump_long
D:2:      old_standard_altar, first_bread, minivault_5
D:3:      lemuel_round_altar
D:4:      lemuel_doored_altar, lemuel_round_altar, uniq_edmund, uniq_pikel
D:5:      serial_shops, shop_statue

Skill      XL: |  1  2  3  4  5  6  7  8 |
---------------+-------------------------+-----
Axes           | 2 3 5 6 7 |  7.0
Dodging        | 1 2 |  2.4
Armour         | 2 3 |  3.7
Fighting       | 4 5 |  5.9
Invocations    | |  2.4

Action                   |  1- 3 |  4- 6 |  7- 9 || total
-------------------------+-------+-------+-------++-------
Melee: Hand axe          |    43 |       |       ||    43
       Dagger            |    53 |   155 |    50 ||   258
       Whip              |     1 |       |       ||     1
  Use: Potion            |     2 |     4 |     2 ||     8
       Scroll            |       |     6 |       ||     6
 Stab: Sleeping          |       |       |     2 ||     2
  Eat: Chunk             |     3 |     6 |     3 ||    12
Armor: Leather armour    |    31 |       |       ||    31
       Skin              |    12 |    35 |     4 ||    51
       Ring mail         |       |     7 |       ||     7
       Scale mail        |       |     2 |       ||     2
       Robe              |       |       |     4 ||     4
Dodge: Dodged            |    61 |    40 |    11 ||   112
Block: Other             |       |     7 |     4 ||    11
